 Dungeon Crawl Stone Soup version 0.22-a0-93-g6b88ebb (webtiles) character file.

9300 4thArraOfDagon the Frost Mage (level 11, -2/81 HPs)
             Began as a Demigod Wanderer on Jan 24, 2018.
             Slain by a phantasmal warrior (31 damage)
             ... led by a death knight
             ... on level 11 of the Dungeon.
             The game lasted 00:32:20 (6110 turns).

4thArraOfDagon the Frost Mage (Demigod Wanderer)    Turns: 6110, Time: 00:32:20

Health: -2/81      AC: 16    Str: 15    XL:     11   Next: 1%
Magic:  2/24       EV: 14    Int: 23    God:
Gold:   86         SH:  0    Dex: 14    Spells: 5/22 levels left

rFire    . . .     SeeInvis .   H - staff of energy {!a}
rCold    . . .     Gourm    .   (no shield)
rNeg     . . .     Faith    .   a - +2 scale mail
rPois    .         Spirit   .   (no helmet)
rElec    .         Reflect  .   E - +1 cloak
rCorr    .         Harm     .   g - +2 pair of gloves
MR       .....                  (no boots)
Stlth    +.........             i - amulet of magic regeneration
HPRegen  0.23/turn              F - +3 ring of protection
MPRegen  0.44/turn              I - +5 ring of evasion

@: vulnerable
A: blurry vision 1, high mp 1
a: no special abilities


You were on level 11 of the Dungeon.
You were hungry.

You visited 1 branch of the dungeon, and saw 11 of its levels.
You visited the Abyss 1 time.
You also visited: Ossuary.

You collected 371 gold pieces.
You spent 285 gold pieces at shops.

Inventory:

Hand Weapons
 c - a +1 hand crossbow
 e - a +0 dagger
 y - a +0 war axe
 G - a +0 trident
Missiles
 d - 32 bolts
Armour
 a - a +2 scale mail (worn)
 g - a +2 pair of gloves (worn)
 E - a +1 cloak (worn)
Magical Staves
 H - an uncursed staff of energy (weapon) {!a}
Jewellery
 i - an amulet of magic regeneration (around neck)
 v - an uncursed amulet of the gourmand
 F - a +3 ring of protection (left hand)
 I - a +5 ring of evasion (right hand)
Wands
 u - a wand of random effects (21)
 K - a wand of paralysis (10)
 M - a wand of flame (32)
Scrolls
 m - 2 scrolls of teleportation
 o - 2 scrolls of remove curse
 q - 2 scrolls of enchant weapon
 w - 2 scrolls of magic mapping
 A - 3 scrolls of blinking
 C - 2 scrolls of amnesia
 D - a scroll of fog {unknown}
 J - a scroll of identify
Potions
 b - 2 potions of curing
 j - a potion of magic
 k - 7 potions of agility
 l - a potion of invisibility
 n - a potion of heal wounds
 p - a potion of brilliance
 r - 7 potions of lignification
 s - 2 potions of might
 t - 4 potions of ambrosia
 B - 3 potions of resistance
 O - 2 potions of degeneration
Books
 h - a book of Necromancy

   Spells                             Type                      Level
   a - Pain                           Necromancy                   1
   b - Animate Skeleton               Necromancy                   1
   c - Vampiric Draining              Necromancy                   3
   d - Regeneration                   Charms/Necromancy            3
   e - Animate Dead                   Necromancy                   4
 x - a book of Minor Magic

   Spells                             Type                      Level
   a - Magic Dart                     Conjuration                  1
   b - Blink                          Translocation                2
   c - Call Imp                       Summoning                    2
   d - Slow                           Hexes                        2
   e - Conjure Flame                  Conjuration/Fire             3
   f - Mephitic Cloud                 Conjuration/Poison/Air       3
 z - a book of Frost

   Spells                             Type                      Level
   a - Freeze                         Ice                          1
   b - Throw Frost                    Conjuration/Ice              2
   c - Ozocubu's Armour               Charms/Ice                   3
   d - Throw Icicle                   Conjuration/Ice              4
   e - Summon Ice Beast               Ice/Summoning                4
 N - a book of Transfigurations

   Spells                             Type                      Level
   a - Irradiate                      Conjuration/Transmutation    5
   b - Statue Form                    Transmutation/Earth          6
   c - Hydra Form                     Transmutation                6
   d - Dragon Form                    Transmutation                7
Comestibles
 f - 3 rations
 L - 3 chunks of flesh


   Skills:
 - Level 2.6 Fighting
 - Level 5.0 Crossbows
 - Level 2.6 Armour
 - Level 1.7 Stealth
   Level 1.0 Shields
 + Level 6.2 Spellcasting
 - Level 7.1 Conjurations
 - Level 5.8 Necromancy
 * Level 2.3 Transmutations
 - Level 8.3 Ice Magic
 * Level 2.4 Earth Magic
 - Level 3.4 Evocations


You had 5 spell levels left.
You knew the following spells:

 Your Spells              Type           Power        Failure   Level  Hunger
a - Regeneration          Chrm/Necr      ###.......   28%         3    None
b - Vampiric Draining     Necr           ####......   9%          3    None
c - Freeze                Ice            ####         1%          1    None
d - Throw Icicle          Conj/Ice       #####...     13%         4    None
e - Statue Form           Tmut/Erth      ###......    100%        6    None


Dungeon Overview and Level Annotations

Branches:
Dungeon (11/15)            Temple (0/1) D:4            Lair (0/6) D:8
    Orc: D:9-12

Shops:
D:11 !

Annotations:
D:7 4thArraOfDagon's ghost, novice DgWn
D:8 Maurice; Psyche


Innate Abilities, Weirdness & Mutations

You have an increased reservoir of magic. (+10% MP)
Scrolls take you a little longer to read.


Message History

* * * LOW HITPOINT WARNING * * *
Your magical defenses are stripped away!
Unknown command.
Casting: Throw Icicle
Confirm with . or Enter, or press ? or * to list all spells.
Aiming: Throw Icicle
Press: ? - help, Shift-Dir - straight line, f/p - phantasmal warrior
Aim: a phantasmal warrior (almost destroyed)
The shard of ice hits the phantasmal warrior.
The phantasmal warrior partially resists.
The phantasmal warrior is almost destroyed.
The phantasmal warrior closely misses you.
You feel much better. The phantasmal warrior hits you!!
* * * LOW HITPOINT WARNING * * *
Unknown command.
You feel much better. The phantasmal warrior hits you!
Nothing appears to happen.
The phantasmal warrior hits you but does no damage.
Nothing appears to happen.
The phantasmal warrior hits you!!
You die...

............
#........## ..!..?...#
. #...#.#.# ...
#.......#
.....####.......##
................#.#
.....####.W##.#.##. .
... #.@##.#.##.#### #.
. ##............####.
#..#.#..........#.
#..#.######.....#.
######..#.######..#..#.
.....................#.
........#.###..........
........#<...####.#..#.
........#.##.# #.#..#.


You could see a phantasmal warrior.

Vanquished Creatures
  A tentacled starspawn (Abyss:1)
  A two-headed ogre (D:9)
  Pikel (D:8)
  A manticore (D:11)
  Prince Ribbit (D:8)
  A raiju (Abyss:1)
  A hippogriff (D:8)
  A wraith (D:11)
  4 yaks
  Grum (D:8)
  A hungry ghost (D:9)
  A warg (D:8)
  A water moccasin (D:9)
  3 sky beasts
  A black bear (D:7)
  An eye of draining (D:11)
  An ice beast (D:8)
  5 orc warriors
  2 phantoms
  An ogre (D:9)
  4 wolves (D:8)
  3 centaurs
  A small abomination (Abyss:1)
  A big kobold (D:7)
  A bullfrog (D:9)
  2 water moccasin zombies (Ossuary)
  3 scorpions
  A wyvern skeleton (D:9)
  13 killer bees
  A howler monkey (D:4)
  6 crimson imps
  9 orc wizards
  A jelly (D:6)
  A gnoll shaman (D:6)
  12 orc priests
  A bullfrog skeleton (D:7)
  3 iguanas
  4 worker ants
  3 big kobold zombies (Ossuary)
  A hound zombie (D:5)
  A hound skeleton (D:6)
  2 mummies (Ossuary)
  A worker ant zombie (D:7)
  A howler monkey zombie (D:6)
  3 gnolls (D:6)
  7 adders
  2 shadow imps
  An ufetubus (Abyss:1)
  3 adder zombies (Ossuary)
  2 oozes
  3 worms
  A dart slug (D:3)
  A leopard gecko (D:8)
  35 orcs
  4 bats
  A giant cockroach (D:3)
  5 goblins
  4 hobgoblins
  7 kobolds
  A quokka (D:5)
  A ball python (D:1)
  2 frilled lizards
  A giant cockroach zombie (D:6)
  10 hobgoblin zombies (Ossuary)
  5 kobold zombies (Ossuary)
  A leopard gecko skeleton (D:6)
  2 orc zombies (Ossuary)
  A quokka zombie (D:8)
  A rat (D:2)
  A starspawn tentacle (Abyss:1)
211 creatures vanquished.

Vanquished Creatures (others)
  4 slaves (D:8)
  A starspawn tentacle (Abyss:1)
5 creatures vanquished.

Grand Total: 216 creatures vanquished

Notes
Turn   | Place    | Note
-------+----------+-------------------------------------------
     0 | D:1      | 4thArraOfDagon the Demigod Wanderer began the quest for the Orb.
     0 | D:1      | 4thArraOfDagon set off with: a +2 scale mail, a potion of curing, a +0 hand crossbow, 29 bolts, a +0 dagger, a ration
     0 | D:1      | Reached XP level 1. HP: 18/18 MP: 3/3
   119 | D:2      | Reached XP level 2. HP: 25/25 MP: 4/4
   220 | D:3      | Found a sacrificial altar of Ru.
   315 | D:3      | Reached XP level 3. HP: 30/30 MP: 5/5
   373 | D:4      | Noticed a scorpion
   382 | D:4      | Reached XP level 4. HP: 37/37 MP: 6/6
   394 | D:4      | Reached skill level 5 in Crossbows
   394 | D:4      | Reached XP level 5. HP: 37/42 MP: 7/7
   419 | D:4      | Learned a level 3 spell: Regeneration
   459 | D:4      | Reached skill level 1 in Necromancy
   613 | D:4      | Found a sand-covered staircase.
   617 | Ossuary  | Entered an ossuary
   673 | Ossuary  | Reached XP level 6. HP: 24/50 MP: 8/8
  1201 | D:5      | Entered Level 5 of the Dungeon
  1291 | D:5      | Reached XP level 7. HP: 30/56 MP: 9/11
  1353 | D:4      | Found a staircase to the Ecumenical Temple.
  1501 | D:6      | Reached skill level 1 in Spellcasting
  1583 | D:6      | Learned a level 3 spell: Vampiric Draining
  1627 | D:6      | Reached skill level 5 in Necromancy
  1707 | D:6      | Noticed a two-headed ogre
  2930 | D:7      | Noticed a hungry ghost
  2934 | D:7      | Noticed a yak
  2940 | D:7      | Noticed a yak
  2957 | D:7      | Noticed a yak
  2998 | D:7      | Noticed a yak
  3003 | D:7      | Learned a level 1 spell: Freeze
  3099 | D:8      | Noticed a hungry ghost
  3105 | D:8      | Noticed Maurice
  3142 | D:9      | Reached skill level 1 in Ice Magic
  3145 | D:9      | Reached skill level 2 in Ice Magic
  3145 | D:9      | Reached skill level 1 in Evocations
  3205 | D:9      | Paralysed by fainting for 12 turns
  3266 | D:9      | Reached XP level 8. HP: 50/62 MP: 8/15
  3310 | D:10     | Entered Level 10 of the Dungeon
  3352 | D:10     | Noticed a two-headed ogre
  3435 | D:9      | Noticed a two-headed ogre
  3484 | D:8      | Reached skill level 3 in Ice Magic
  3512 | D:8      | Noticed Psyche
  3540 | D:8      | Cast into level 1 of the Abyss (Psyche)
  3562 | Abyss:1  | Noticed a raiju
  3570 | Abyss:1  | Killed a raiju
  3626 | Abyss:1  | Noticed a wretched star
  3651 | Abyss:1  | Reached skill level 4 in Ice Magic
  3682 | Abyss:1  | Noticed a lich
  3712 | Abyss:1  | Gained mutation: Scrolls take you a little longer to read. [mutagenic glow]
  3731 | Abyss:1  | Learned a level 4 spell: Throw Icicle
  3956 | Abyss:1  | Noticed a tentacled starspawn
  3968 | Abyss:1  | Killed a tentacled starspawn
  3968 | Abyss:1  | Reached skill level 6 in Ice Magic
  3968 | Abyss:1  | Reached XP level 9. HP: 26/68 MP: 4/19
  3998 | D:8      | Escaped the Abyss
  4365 | D:7      | Noticed 4thArraOfDagon's ghost (novice DgWn)
  4534 | D:7      | Reached skill level 5 in Conjurations
  4748 | D:7      | Reached skill level 5 in Spellcasting
  4874 | D:7      | Reached XP level 10. HP: 66/74 MP: 14/21
  4892 | D:7      | Reached skill level 7 in Ice Magic
  5004 | D:8      | Noticed Pikel
  5029 | D:8      | Killed Pikel
  5074 | D:8      | Noticed Grum
  5132 | D:8      | Killed Grum
  5459 | D:9      | Reached skill level 8 in Ice Magic
  5484 | D:9      | Killed a two-headed ogre
  5661 | D:9      | Learned a level 6 spell: Statue Form
  5700 | D:8      | Found a staircase to the Lair.
  5716 | D:8      | Noticed Prince Ribbit
  5732 | D:8      | Killed Prince Ribbit
  5786 | D:8      | Reached skill level 1 in Transmutations
  5786 | D:8      | Reached skill level 1 in Earth Magic
  5973 | D:11     | Found Evas's Distillery.
  6001 | D:11     | Bought a potion of heal wounds for 75 gold pieces
  6001 | D:11     | Bought a potion of heal wounds for 75 gold pieces
  6001 | D:11     | Bought a potion of might for 60 gold pieces
  6001 | D:11     | Bought a potion of lignification for 45 gold pieces
  6008 | D:11     | Bought 2 potions of degeneration for 30 gold pieces
  6068 | D:11     | Noticed a manticore
  6077 | D:11     | Killed a manticore
  6077 | D:11     | Reached XP level 11. HP: 65/81 MP: 5/24
  6093 | D:11     | Noticed a phantasmal warrior
  6110 | D:11     | Slain by a phantasmal warrior

Vault maps used:
D:1:      dpeg_arrival_lava_altar
D:2:      item_on_display_a
D:3:      nicolae_ru_sacrificial_ziggurat, first_ration
D:4:      minmay_temple_entry_poolview, nicolae_ossuary_entry_plus,
          minmay_a_box_with_orc_wizards_in_it
D:5:      serial_bayou_pond_d
D:8:      erik_lair_orcish_takeover, uniq_psyche, uniq_grum,
          uniq_prince_ribbit1, uniq_pikel, uniq_maurice
D:10:     david_orc_5
D:11:     serial_shops, nicolae_shop_window_shopping, shop, shop,
          hangedman_pestilent_swarm, hangedman_decor_riveting,
          minmay_statue_crystal_thing
Abyss:1:  evilmike_abyss_exit_6
Ossuary:  ossuary_tomb_2

Skill      XL: |  1  2  3  4  5  6  7  8  9 10 |
---------------+-------------------------------+-----
Crossbows      | 2 3 5 |  5.0
Necromancy     | 2 4 5 |  5.8
Spellcasting   | 2 4 5 6 |  6.2
Ice Magic      | 2 6 8 |  8.3
Evocations     | 1 3 |  3.4
Conjurations   | 4 5 7 |  7.1
Transmutations | 2 |  2.3
Earth Magic    | 2 |  2.4
Fighting       | |  2.6
Armour         | |  2.6
Stealth        | |  1.7
Shields        | |  1.0

Action                   |  1- 3 |  4- 6 |  7- 9 | 10-12 || total
-------------------------+-------+-------+-------+-------++-------
Melee: Dagger            |       |   174 |    30 |       ||   204
       War axe           |       |       |   203 |     4 ||   207
       Trident           |       |       |     3 |       ||     3
       Staff             |       |       |       |     1 ||     1
 Fire: Hand crossbow     |    23 |   111 |    75 |       ||   209
 Cast: Freeze            |       |       |    87 |   135 ||   222
       Vampiric Draining |       |       |    26 |    39 ||    65
       Regeneration      |       |       |    17 |     1 ||    18
       Throw Icicle      |       |       |     3 |    40 ||    43
Evoke: Staff of energy   |       |       |    16 |    61 ||    77
       Wand              |       |       |     6 |     7 ||    13
  Use: Scroll            |     2 |     4 |    18 |     1 ||    25
       Potion            |       |       |    14 |     2 ||    16
 Stab: Paralysed         |       |       |       |     4 ||     4
  Eat: Ration            |       |     1 |     5 |     1 ||     7
       Chunk             |       |       |     4 |     8 ||    12
Armor: Scale mail        |    10 |   118 |   277 |   117 ||   522
Dodge: Dodged            |    11 |    89 |   314 |   196 ||   610

Table legend:
 A = Spawn XP
 B = Non-spawn XP
 C = Spawn XP percentage of total XP
 D = Spawn monster count
 E = Non-spawn monster count
 F = Spawn count percentage of total count
 G = Total turns spent on level
                    A         B        C        D         E        F      G
               +---------+---------+-------+---------+---------+-------+---------
         Total |     363 |   12923 |   2.7 |       3 |     207 |   1.4 |  6110
               +---------+---------+-------+---------+---------+-------+---------
           D:1 |       0 |      11 |   0.0 |       0 |       7 |   0.0 |   291
           D:2 |       0 |      31 |   0.0 |       0 |       9 |   0.0 |   360
           D:3 |       0 |     109 |   0.0 |       0 |      16 |   0.0 |   442
           D:4 |       0 |     423 |   0.0 |       0 |      12 |   0.0 |   531
           D:5 |       0 |     159 |   0.0 |       0 |       3 |   0.0 |   309
           D:6 |       0 |     419 |   0.0 |       0 |      15 |   0.0 |   630
           D:7 |       0 |    1761 |   0.0 |       0 |      36 |   0.0 |   889
           D:8 |       0 |    2838 |   0.0 |       0 |      25 |   0.0 |   546
           D:9 |       0 |    3279 |   0.0 |       0 |      43 |   0.0 |   889
          D:10 |       0 |     224 |   0.0 |       0 |       8 |   0.0 |    69
          D:11 |       0 |     985 |   0.0 |       0 |       5 |   0.0 |   151
       Abyss:1 |     363 |    2383 |  13.2 |       3 |       1 |  75.0 |   458
       Ossuary |       0 |     301 |   0.0 |       0 |      27 |   0.0 |   545
               +---------+---------+-------+---------+---------+-------+---------
